 Dungeon Crawl Stone Soup version 0.17-a0-555-g23c20b2 (webtiles) character file.

522 Kisielow the Insei (level 7, 0/53 HPs)
             Began as a Merfolk Transmuter on Apr 14, 2015.
             Slain by a gnoll
             ... wielding a +0 flail
              (15 damage)
             ... on level 5 of the Dungeon.
             The game lasted 00:12:22 (4283 turns).

Kisielow the Insei (Merfolk Transmuter)             Turns: 4283, Time: 00:12:22

Health: 0/53       AC:  2    Str: 10    XL:     7   Next: 22%
Magic:  7/10       EV: 16    Int: 15    God:
Gold:   230        SH:  0    Dex: 19    Spells: 2 memorised, 6 levels left

rFire  . . .     SeeInvis .       - Unarmed
rCold  . . .     Clarity  .     (armour currently unavailable)
rNeg   . . .     SustAb   .     (shield currently unavailable)
rPois  x         Gourm    .     (helmet currently unavailable)
rElec  .         Spirit   .     (cloak currently unavailable)
rCorr  .         Warding  .     (gloves currently unavailable)
rMut   .         Stasis   .     (boots currently unavailable)
MR     .....                    (no amulet)
Stlth  ++........               (no ring)
                                (no ring)

@: spider-form, not resistant to hostile enchantments, unstealthy
A: (change form in water), (swift swim)
a: End Transformation


You were on level 5 of the Dungeon.
You were very hungry.
You were a venomous arachnid creature.
You visited 2 branches of the dungeon, and saw 6 of its levels.
You also visited: Sewer.

You collected 230 gold pieces.

Inventory:

Missiles
 b - 12 arrows
Armour
 c - a +0 robe (melded)
 f - a +0 pair of gloves (melded)
Scrolls
 e - 2 scrolls of fear
 k - a scroll of fog
 l - 3 scrolls of teleportation
 o - 4 scrolls of remove curse
Potions
 h - 5 potions of curing
 j - a potion of might {unknown}
 m - 4 potions of heal wounds
 n - a potion of flight {unknown}
 p - a potion of haste {unknown}
 q - a potion of restore abilities {unknown}
 r - a potion of cancellation {unknown}
 t - a potion of agility {unknown}
Books
 d - a book of Changes

   Spells                             Type                      Level
   a - Beastly Appendage              Transmutation                1
   b - Sticks to Snakes               Transmutation                2
   c - Spider Form                    Transmutation/Poison         3
   d - Ice Form                       Ice/Transmutation            4
   e - Blade Hands                    Transmutation                5
Comestibles
 a - 7 bread rations
 g - 2 royal jellies
 i - a beef jerky
 s - 3 fruits


   Skills:
 * Level 3.7 Fighting
 - Level 2.6 Dodging
 + Level 6.6 Unarmed Combat
 - Level 2.0 Spellcasting
 - Level 5.0 Transmutations
 - Level 2.1 Poison Magic


You had 6 spell levels left.
You knew the following spells:

 Your Spells              Type           Power        Failure   Level  Hunger
a - Beastly Appendage     Trmt           ###...       10%         1    #......
s - Spider Form           Trmt/Pois      ##........   36%         3    ###....


Dungeon Overview and Level Annotations

Branches:
Dungeon (5/15)             Temple (1/1) D:5

Altars:
Ashenzari
Cheibriados
Elyvilon
Fedhas
Gozag
Kikubaaqudgha
Nemelex Xobeh
Okawaru
Qazlal
Ru
Trog
Vehumet
Xom
Yredelemnul
Zin
The Shining One


Message History

The gnoll misses you.
Your transformation has ended.
Your +0 pair of gloves unmelds from your body.
Your +0 robe unmelds from your body.
The gnoll hits you with a spear of piercing.
The gnoll hits you from afar with a spear of piercing.
The rat bites you but does no damage.
Casting: Spider Form
Confirm with . or Enter, or press ? or * to list all spells.
You turn into a venomous arachnid creature.
Your +0 pair of gloves melds into your body.
Your +0 robe melds into your body.
The gnoll completely misses you. The rat barely misses you.
The gnoll closely misses you. The gnoll completely misses you.
The rat bites you.
There is a stone staircase leading up here.
The gnoll hits you from afar with a spear.
* * * LOW HITPOINT WARNING * * *
The gnoll barely misses you. The gnoll hits you with a flail!
You die...

###'###'##...#
.....
#.....#).....# ...
#.⌠.⌠.#......# ..
+..>..+......+
#.⌠.⌠.#......#
#.....#..gg..#
###'###.gZgg.##
#.......rg..[+
+........s...#
##.....##...##
##.....##.<.#
#.......#...#
#.......#.....
#....(..#.......
+.......#.........
#.......+........
#.......#.......


You could see a gnoll sergeant, 5 gnolls, a rat and a giant gecko skeleton.

Vanquished Creatures
  An ogre (D:5)
  A big kobold (Sewer)
  2 scorpions (D:4)
  An orc wizard (D:4)
  2 orc priests
  Jessica (D:3)
  A worker ant (D:4)
  2 adders
  A river rat (Sewer)
  A shadow imp (D:5)
  3 worms
  A giant gecko (D:4)
  8 orcs
  A ball python (D:3)
  8 bats
  8 hobgoblins
  4 quokkas
  5 giant cockroaches
  4 giant newts
  6 goblins
  13 kobolds
  16 rats
90 creatures vanquished.

Notes
Turn   | Place    | Note
--------------------------------------------------------------
     0 | D:1      | Kisielow, the Merfolk Transmuter, began the quest for the Orb.
     0 | D:1      | Reached XP level 1. HP: 15/15 MP: 3/3
   439 | D:1      | Reached XP level 2. HP: 15/21 MP: 3/5
   468 | D:1      | Reached skill level 4 in Unarmed Combat
  1143 | D:2      | Reached XP level 3. HP: 26/26 MP: 4/6
  1151 | D:2      | Learned a level 3 spell: Spider Form
  1393 | D:2      | Found an ancient bone altar of Kikubaaqudgha.
  1395 | D:2      | Found a blossoming altar of Fedhas.
  1663 | D:2      | Reached skill level 1 in Poison Magic
  1663 | D:2      | Reached XP level 4. HP: 29/32 MP: 3/7
  1813 | D:3      | Noticed Jessica
  1818 | D:3      | Killed Jessica
  2625 | D:3      | Reached skill level 5 in Transmutations
  2625 | D:3      | Reached XP level 5. HP: 32/37 MP: 5/8
  2764 | D:4      | Reached skill level 5 in Unarmed Combat
  2823 | D:4      | Found a shattered altar of Ashenzari.
  2896 | D:4      | Reached XP level 6. HP: 28/45 MP: 6/9
  2918 | D:4      | Noticed an angel
  2921 | D:4      | Found a glowing silver altar of Zin.
  2922 | D:4      | Found a shimmering altar of Xom.
  3042 | D:4      | Found a radiant altar of Vehumet.
  3046 | D:4      | Found a stormy altar of Qazlal.
  3047 | D:4      | Found a white marble altar of Elyvilon.
  3048 | D:4      | Found a glowing golden altar of the Shining One.
  3160 | D:4      | Found a glowing drain.
  3166 | Sewer    | Entered a sewer
  3276 | Sewer    | Reached skill level 6 in Unarmed Combat
  3456 | Sewer    | Found a white marble altar of Elyvilon.
  4191 | D:5      | Entered Level 5 of the Dungeon
  4208 | D:5      | Reached XP level 7. HP: 43/52 MP: 10/10
  4214 | D:5      | Found a staircase to the Ecumenical Temple.
  4220 | Temple   | Entered the Ecumenical Temple
  4283 | D:5      | Slain by a gnoll

Action                   |  1- 3 |  4- 6 |  7- 9 || total
-------------------------+-------+-------+-------++-------
Melee: Unarmed           |   108 |   184 |     5 ||   297
 Cast: Beastly Appendage |    13 |       |       ||    13
       Spider Form       |     3 |    11 |     2 ||    16
  Use: Scroll            |       |    10 |       ||    10
  Eat: Chunk             |     3 |     9 |       ||    12
